[Event "KP 2024/25,Jiskra N. Bydzov-J. Jaromer"]
[Site "?"]
[Date "2024.11.24"]
[Round "3.6"]
[White "Stankova, Radka"]
[Black "Bednar, Milos"]
[Result "1-0"]
[ECO "B31"]
[WhiteElo "1893"]
[BlackElo "1840"]
[Annotator "batka,PC"]
[PlyCount "95"]
[EventDate "2024.??.??"]
[TimeControl "240+2"]

{600MB, Fritz10.ctg} 1. e4 c5 2. Nc3 Nc6 3. Bb5 Nd4 4. Nf3 g6 5. Nxd4 cxd4 6.
Ne2 Bg7 7. O-O a6 8. Ba4 b5 9. Bb3 e6 10. d3 Ne7 11. f4 Bb7 12. Qe1 Qb6 13. Qf2
a5 14. a4 b4 15. Ng3 f5 16. exf5 exf5 17. Re1 Qd6 18. Nf1 Bf6 19. Nd2 Kf8 20.
Nc4 Qc7 21. Ne5 Nc6 22. Qg3 Kg7 23. Bd2 Rhe8 24. Nf3 Ne7 25. Nh4 Kf8 26. Re2
Bd5 27. Rxe7 Rxe7 28. Bxd5 Bxh4 29. Qxh4 Ra6 30. Bc4 Rc6 31. Qh6+ Ke8 32. Re1
Rxe1+ 33. Bxe1 Re6 34. Bxe6 dxe6 35. Qh4 Qxc2 36. Qxh7 Qxd3 37. Qxg6+ Kd7 38.
Qg7+ Ke8 39. Qe5 Kf7 40. h4 Qd1 41. Kf2 d3 42. Qe3 Qc2+ 43. Bd2 Kf6 44. Kg3 Qc4
45. h5 Kf7 46. Qa7+ Ke8 47. Qxa5 b3 48. Qb5+ 1-0

[Event "KP 2024/25,Jiskra N. Bydzov-J. Jaromer"]
[Site "?"]
[Date "2024.11.24"]
[Round "3.7"]
[White "Luksa, Ales"]
[Black "Marxova, Sarka"]
[Result "1/2-1/2"]
[ECO "A05"]
[WhiteElo "1715"]
[BlackElo "1676"]
[Annotator "batka,PC"]
[PlyCount "35"]
[EventDate "2024.??.??"]
[TimeControl "240+2"]

{600MB, Fritz10.ctg} 1. Nf3 d5 2. g3 Nf6 3. Bg2 g6 4. b3 Bg7 5. Bb2 O-O 6. c4
dxc4 7. bxc4 c5 8. Nc3 Nc6 9. O-O Qd7 10. Na4 Qd6 11. d4 cxd4 12. Nxd4 Nxd4 13.
Qxd4 Qxd4 14. Bxd4 Nd7 15. Rfd1 Ne5 16. Rac1 Rb8 17. c5 Be6 18. Nc3 1/2-1/2

[Event "KP 2024/25,Jiskra N. Bydzov-J. Jaromer"]
[Site "?"]
[Date "2024.11.24"]
[Round "3.8"]
[White "Kunes, Jan"]
[Black "Vanicek, Lukas"]
[Result "1-0"]
[ECO "B06"]
[WhiteElo "1859"]
[BlackElo "1804"]
[Annotator "batka,PC"]
[PlyCount "79"]
[EventDate "2024.??.??"]
[TimeControl "240+2"]

{600MB, Fritz10.ctg} 1. d4 d6 2. e4 g6 3. Nc3 Bg7 4. Be3 a6 5. Be2 b5 6. a3 Bb7
7. Bf3 e6 8. Nge2 Ne7 9. Qd2 Nd7 10. Bh6 O-O 11. h4 Nf6 12. h5 e5 13. d5 Rc8
14. hxg6 fxg6 15. Bxg7 Kxg7 16. Qh6+ Kh8 17. g4 Rf7 18. g5 Nfg8 19. Qh4 Rb8 20.
Bg4 Bc8 21. Bxc8 Qxc8 22. O-O-O b4 23. axb4 Rxb4 24. Rh2 Qf8 25. Rdh1 Qg7 26.
f4 a5 27. Kb1 a4 28. Ka2 c5 29. Ka3 Nc8 30. Nc1 Na7 31. Nd3 Nb5+ 32. Nxb5 Rxb5
33. fxe5 dxe5 34. Qg3 c4 35. Rxh7+ Qxh7 36. Qxe5+ Rg7 37. Rxh7+ Kxh7 38. Qh2+
Nh6 39. Qxh6+ Kg8 40. Nb4 1-0

[Event "KP 2024/25,Lazne Belohrad-TJ Hronov"]
[Site "?"]
[Date "2025.01.05"]
[Round "5.1"]
[White "Kykal, Vojtech"]
[Black "Velecky, Viktor"]
[Result "1-0"]
[ECO "A25"]
[WhiteElo "2012"]
[BlackElo "2062"]
[Annotator "user"]
[PlyCount "47"]
[EventDate "2025.??.??"]
[TimeControl "40/5400+30:900+30"]

{587MB} 1. c4 e5 2. g3 Nc6 3. Bg2 Nf6 4. Nc3 Bb4 5. d3 Bxc3+ 6. bxc3 Qe7 7. e4
d6 8. Ne2 b6 9. O-O h6 10. Bd2 Nd7 11. Qc2 Nd8 12. f4 Nc5 13. Rae1 h5 14. h3 h4
15. g4 Nd7 16. d4 c5 17. fxe5 dxe5 18. dxe5 Nxe5 19. Nf4 Bb7 20. Nd5 Qd7 21.
Bf4 Ndc6 22. Rd1 Qc8 23. Qf2 O-O 24. Bxe5 1-0

[Event "KP 2024/25,Lazne Belohrad-TJ Hronov"]
[Site "?"]
[Date "2025.01.05"]
[Round "5.2"]
[White "Pinkava, Josef"]
[Black "Nalevka, Petr"]
[Result "0-1"]
[ECO "C01"]
[WhiteElo "1912"]
[BlackElo "1957"]
[Annotator "user"]
[PlyCount "78"]
[EventDate "2025.??.??"]
[TimeControl "40/5400+30:900+30"]

{587MB} 1. e4 e6 2. d4 d5 3. exd5 exd5 4. Bd3 Nf6 5. Nf3 Bd6 6. O-O O-O 7. Bg5
Bg4 8. c3 Nbd7 9. Nbd2 c6 10. Qc2 Qc7 11. h3 Bh5 12. Rae1 Rfe8 13. Nh4 Bg6 14.
Nxg6 hxg6 15. Nf3 Nf8 16. g3 Re6 17. Rxe6 Nxe6 18. Bc1 Re8 19. Kg2 Nh5 20. Bxg6
fxg6 21. Qxg6 Qf7 22. Qxf7+ Kxf7 23. Ne5+ Ke7 24. f4 Nf6 25. g4 Ne4 26. h4 c5
27. Be3 cxd4 28. cxd4 Rc8 29. f5 Rc2+ 30. Kh3 Nf8 31. g5 Nd7 32. Ng6+ Kf7 33.
h5 Ng3 34. Rf3 Nxh5 35. Kg4 Rh2 36. Nh4 Ng3 37. Rxg3 Bxg3 38. Kxg3 Rxb2 39. Ng2
Rxa2 0-1

[Event "KP 2024/25,Lazne Belohrad-TJ Hronov"]
[Site "?"]
[Date "2025.01.05"]
[Round "5.4"]
[White "Franc, Martin"]
[Black "Dupenopulos, Karel"]
[Result "0-1"]
[ECO "B13"]
[WhiteElo "1826"]
[BlackElo "1866"]
[Annotator "user"]
[PlyCount "52"]
[EventDate "2025.??.??"]
[TimeControl "40/5400+30:900+30"]

{587MB} 1. e4 c6 2. d4 d5 3. exd5 cxd5 4. Nf3 Nc6 5. Be2 Bf5 6. c3 e6 7. Bf4
Bd6 8. Bxd6 Qxd6 9. O-O Nf6 10. Nbd2 O-O 11. Bb5 a6 12. Bxc6 bxc6 13. Ne5 c5
14. Ndf3 Rab8 15. b3 h6 16. Nh4 Bh7 17. f4 Ne4 18. f5 exf5 19. Nxf5 Bxf5 20.
Rxf5 Nxc3 21. Qf3 cxd4 22. Nxf7 Qe6 23. Rf1 Qe3+ 24. Kh1 Qxf3 25. R5xf3 Rbe8
26. h3 Ne4 0-1

[Event "KP 2024/25,Lazne Belohrad-TJ Hronov"]
[Site "?"]
[Date "2025.01.05"]
[Round "5.5"]
[White "Marhold, Vojtech"]
[Black "Gorecki, Janusz"]
[Result "1-0"]
[ECO "B01"]
[WhiteElo "1799"]
[BlackElo "1759"]
[Annotator "user"]
[PlyCount "171"]
[EventDate "2025.??.??"]
[TimeControl "40/5400+30:900+30"]

{587MB} 1. e4 d5 2. exd5 Qxd5 3. Nc3 Qd6 4. Nf3 Nf6 5. d4 c6
6. Be2 Bf5 7. Be3 e6 8. Qd2 Be7 9. O-O O-O 10. Rfe1 Qc7 11. Nh4 Bg6 12. Nxg6
hxg6 13. Bf3 Rd8 14. Qe2 Nbd7 15. Ne4 Nxe4 16. Bxe4 Nf6 17. Bf3 Rac8 18. c3 Nh7
19. a4 a5 20. g3 Bg5 21. h4 Bxe3 22. Qxe3 Nf6 23. Qg5 Qb6 24. Qc5 Qa6 25. Be2
Qa8 26. Bf3 Rd7 27. Ra3 Rdc7 28. Kg2 Re8 29. h5 gxh5 30. Bxh5 Rce7 31. Bf3 Qd8
32. Raa1 Nd5 33. Re5 Qc7 34. Rh1 g6 35. Qa3 f6 36. Re4 Rh7 37. Rxh7 Qxh7 38.
Rh4 Qg7 39. Qb3 f5 40. c4 Nf6 41. d5 g5 42. Rh1 g4 43. Bd1 cxd5 44. cxd5 exd5
45. Qb5 Qe7 46. Bc2 Qb4 47. Qxb4 axb4 48. Bxf5 Re2 49. Rb1 Re5 50. Bd3 Kf7 51.
Rc1 Re7 52. Rc5 Ke6 53. Rb5 Rc7 54. Rxb4 Rg7 55. Kf1 Ke5 56. Rf4 Ne4 57. Bxe4
dxe4 58. Ke2 Kd4 59. Kd2 Rg6 60. Kc2 Rc6+ 61. Kb3 Rb6+ 62. Ka3 Rg6 63. a5 Kd3
64. b4 Kd4 65. Ka4 Rg5 66. Rf7 Kd3 67. Rxb7 Rf5 68. a6 Rxf2 69. Kb5 e3 70. a7
Ra2 71. Re7 e2 72. Kb6 Kd2 73. b5 e1=Q 74. Rxe1 Kxe1 75. Kb7 Kf2 76. a8=Q Rxa8
77. Kxa8 Kxg3 78. b6 Kf2 79. b7 g3 80. b8=Q g2 81. Qf4+ Ke1 82. Qg3+ Kf1 83.
Qf3+ Kg1 84. Kb7 Kh2 85. Qh5+ Kg1 86. Kc6 1-0

[Event "KP 2024/25,Lazne Belohrad-TJ Hronov"]
[Site "?"]
[Date "2025.01.05"]
[Round "5.6"]
[White "Szablewski, Krzyzstof"]
[Black "Buchar, Petr"]
[Result "1/2-1/2"]
[ECO "D00"]
[WhiteElo "1864"]
[BlackElo "1933"]
[Annotator "user"]
[PlyCount "29"]
[EventDate "2025.??.??"]
[TimeControl "40/5400+30:900+30"]

{587MB} 1. f4 d5 2. Nf3 c5 3. e3 Nc6 4. d4 e6 5. c3 Nf6 6. Bd3 Be7 7. O-O O-O
8. Ne5 Ne4 9. Nd2 f5 10. Qh5 Nxe5 11. fxe5 Qe8 12. Qxe8 Rxe8 13. c4 Bd7 14.
cxd5 exd5 15. Nxe4 1/2-1/2

[Event "KP 2024/25,Lazne Belohrad-TJ Hronov"]
[Site "?"]
[Date "2025.01.05"]
[Round "5.7"]
[White "Groh, Ladislav"]
[Black "Hyhlan, Jaroslav"]
[Result "1/2-1/2"]
[ECO "D04"]
[WhiteElo "1821"]
[BlackElo "1874"]
[Annotator "user"]
[PlyCount "99"]
[EventDate "2025.??.??"]
[TimeControl "40/5400+30:900+30"]

{587MB} 1. Nf3 d5 2. d4 c6 3. e3 Nf6 4. Bd3 Bg4 5. h3 Bh5 6. c3 Qc7 7. Nbd2 Bg6
8. Qc2 Nbd7 9. e4 dxe4 10. Nxe4 Nxe4 11. Bxe4 Bxe4 12. Qxe4 Nf6 13. Qf4 Qxf4
14. Bxf4 e6 15. O-O Rd8 16. Rfe1 Be7 17. Rad1 O-O 18. a4 Bd6 19. Bg5 h6 20. Bc1
c5 21. dxc5 Bxc5 22. b4 Bb6 23. a5 Bc7 24. c4 Rxd1 25. Rxd1 Rd8 26. Rxd8+ Bxd8
27. Kf1 Ne4 28. Be3 a6 29. Ke2 Be7 30. Kd3 f5 31. b5 Nc5+ 32. Kc3 Kf7 33. Ne5+
Ke8 34. Nd3 Ne4+ 35. Kb3 Kd7 36. f3 Nf6 37. Nc5+ Bxc5 38. Bxc5 g6 39. Bd4 Ne8
40. Be5 Nd6 41. Kb4 Nf7 42. Bg3 e5 43. Kc5 f4 44. Bf2 Nd6 45. bxa6 bxa6 46. Be1
e4 47. fxe4 Nxe4+ 48. Kd5 Nd6 49. Bd2 g5 50. h4 1/2-1/2

[Event "KP 2024/25,Lazne Belohrad-TJ Hronov"]
[Site "?"]
[Date "2025.01.05"]
[Round "5.8"]
[White "Cap, Jaroslav"]
[Black "Kykal, Zbynek"]
[Result "1-0"]
[ECO "B19"]
[WhiteElo "1810"]
[BlackElo "1841"]
[Annotator "user"]
[PlyCount "95"]
[EventDate "2025.??.??"]
[TimeControl "40/5400+30:900+30"]

{587MB} 1. e4 c6 2. d4 d5 3. Nd2 dxe4 4. Nxe4 Bf5 5. Ng3 Bg6 6. h4 h6 7. Nf3
Nd7 8. h5 Bh7 9. Bd3 Bxd3 10. Qxd3 Ngf6 11. Bd2 e6 12. c4 Bd6 13. Ne4 Nxe4 14.
Qxe4 Nf6 15. Qe2 Qc7 16. g3 O-O-O 17. O-O-O Rhe8 18. Bc3 Qe7 19. a3 Kb8 20. Kb1
Bc7 21. Rde1 a6 22. Nh4 Qd7 23. f4 Bb6 24. Nf3 Bc7 25. Rd1 Qe7 26. Nd2 Kc8 27.
Ne4 Kb8 28. Rhe1 Bd6 29. Qf3 Kc8 30. g4 Qc7 31. Rf1 Qe7 32. Ng3 Qc7 33. Ne2 Qe7
34. Nc1 Bc7 35. Nb3 Bb6 36. g5 Nh7 37. gxh6 gxh6 38. Rde1 Qf6 39. Ka2 Qf5 40.
Re5 Qf6 41. d5 cxd5 42. cxd5 Qe7 43. dxe6 fxe6 44. Rfe1 Qf7 45. f5 Ng5 46. Qe2
Rd6 47. Rf1 Qg8 48. Ka1 1-0

[Event "KP 2024/25,Jiskra N. Bydzov-SK Lipa B"]
[Site "?"]
[Date "2025.01.05"]
[Round "5.1"]
[White "Kohout, Martin"]
[Black "Szucs, Matyas"]
[Result "0-1"]
[ECO "A05"]
[WhiteElo "2035"]
[BlackElo "2085"]
[Annotator "batka,PC"]
[PlyCount "86"]
[EventDate "2025.??.??"]
[TimeControl "240+2"]

{600MB, Fritz10.ctg} 1. Nf3 d6 2. g3 g6 3. Bg2 Bg7 4. d3 c5 5. O-O Nc6 6. e4
Rb8 7. a4 a6 8. Re1 Nf6 9. Nbd2 O-O 10. h3 Nd7 11. Nc4 b5 12. axb5 axb5 13. Ne3
Nb6 14. Nd5 Nxd5 15. exd5 Nb4 16. c4 Bf5 17. Ra7 Nxd3 18. Rexe7 Nxc1 19. Qxc1
Bf6 20. Rec7 bxc4 21. Qxc4 Rxb2 22. Qa6 Rb1+ 23. Kh2 Ra1 24. Qc6 Rxa7 25. Rxa7
Qb8 26. Rb7 Qa8 27. g4 Be4 28. g5 Bg7 29. h4 Bxf3 30. Bxf3 Be5+ 31. Kg2 Qa2 32.
Re7 Qc4 33. Rxe5 dxe5 34. d6 Qxh4 35. Bd5 Qxg5+ 36. Kf1 Qf6 37. Qc7 Qd8 38.
Bxf7+ Kg7 39. Be6+ Kf6 40. Bh3 h5 41. Qxc5 g5 42. Bg2 Qd7 43. Bd5 Rc8 0-1

[Event "KP 2024/25,Jiskra N. Bydzov-SK Lipa B"]
[Site "?"]
[Date "2025.01.05"]
[Round "5.2"]
[White "Safarik, Jakub"]
[Black "Prazak, Matous"]
[Result "1-0"]
[ECO "E98"]
[WhiteElo "2145"]
[BlackElo "1974"]
[Annotator "batka,PC"]
[PlyCount "101"]
[EventDate "2025.??.??"]
[TimeControl "240+2"]

{600MB, Fritz10.ctg} 1. d4 d6 2. Nf3 Nf6 3. c4 g6 4. Nc3 Bg7 5. e4 O-O 6. Be2
e5 7. O-O Nc6 8. d5 Ne7 9. Ne1 Nd7 10. f3 a5 11. Nd3 f5 12. Be3 b6 13. a3 Nc5
14. Rc1 h6 15. b4 axb4 16. axb4 Nxd3 17. Bxd3 g5 18. c5 bxc5 19. bxc5 f4 20.
Bf2 h5 21. cxd6 cxd6 22. Nb5 Rf6 23. Qc2 Ng6 24. Qc7 Ba6 25. Qxd8+ Rxd8 26. Rc6
Bxb5 27. Bxb5 Bf8 28. Ra1 Rf7 29. Raa6 g4 30. Be2 Rb8 31. Rab6 Ra8 32. Ba6 Kh7
33. Kf1 gxf3 34. gxf3 Nh8 35. Be1 Rg7 36. Bc8 Ra2 37. Bf5+ Kg8 38. Rb8 Rxh2 39.
Rcc8 Rh1+ 40. Ke2 Rg2+ 41. Bf2 Ng6 42. Bxg6 Ra1 43. Rxf8+ Kg7 44. Bxh5 Ra2+ 45.
Kd3 Rgxf2 46. Rg8+ Kh6 47. Rh8+ Kg5 48. Rbg8+ Kf6 49. Rh6+ Ke7 50. Rh7+ Kf6 51.
Rf7# 1-0

[Event "KP 2024/25,Jiskra N. Bydzov-SK Lipa B"]
[Site "?"]
[Date "2025.01.05"]
[Round "5.3"]
[White "Vanek, Tomas"]
[Black "Sedivy, Martin"]
[Result "0-1"]
[ECO "B21"]
[WhiteElo "1923"]
[BlackElo "2110"]
[Annotator "batka,PC"]
[PlyCount "98"]
[EventDate "2025.??.??"]
[TimeControl "240+2"]

{600MB, Fritz10.ctg} 1. e4 c5 2. d4 cxd4 3. Qxd4 Nc6 4. Qe3 Nf6 5. Nc3 d5 6.
exd5 Nxd5 7. Nxd5 Qxd5 8. Bd2 Bf5 9. c3 e5 10. Nf3 Bc5 11. Qg5 Bg6 12. Be2 f6
13. Qg3 Rd8 14. Rd1 Qxa2 15. Bc1 Rxd1+ 16. Kxd1 O-O 17. Nd2 Rd8 18. Ke1 Bf7 19.
Bd3 Qd5 20. Bc4 Qd7 21. Bxf7+ Kxf7 22. Ke2 Qd5 23. Re1 e4 24. Kf1 f5 25. b4 Bb6
26. c4 Qd3+ 27. Qxd3 Rxd3 28. b5 Ne5 29. Ke2 Ba5 30. Rd1 Bxd2 31. Rxd2 Rxd2+
32. Kxd2 Nxc4+ 33. Kc3 Nd6 34. Kb4 b6 35. Bg5 Ke6 36. Bd8 Kd5 37. Bc7 f4 38.
Bb8 e3 39. fxe3 fxe3 40. Kc3 Nxb5+ 41. Kd3 a5 42. Bf4 Nd6 43. Bxe3 b5 44. g3 b4
45. Kc2 Kc4 46. Kb2 a4 47. Bf4 a3+ 48. Ka2 Ne4 49. Be5 Nc3+ 0-1

[Event "KP 2024/25,Jiskra N. Bydzov-SK Lipa B"]
[Site "?"]
[Date "2025.01.05"]
[Round "5.4"]
[White "Vasatko, Martin"]
[Black "Vanicek, Vojtech"]
[Result "1/2-1/2"]
[ECO "C54"]
[WhiteElo "1953"]
[BlackElo "1909"]
[Annotator "batka,PC"]
[PlyCount "108"]
[EventDate "2025.??.??"]
[TimeControl "240+2"]

{600MB, Fritz10.ctg} 1. e4 e5 2. Nf3 Nc6 3. Bc4 Bc5 4. c3 Nf6 5. d4 exd4 6. e5
d5 7. Bb5 Ne4 8. cxd4 Bb6 9. Nc3 O-O 10. Be3 Bf5 11. Bxc6 Nxc3 12. bxc3 bxc6
13. O-O Qe7 14. Qa4 Bd3 15. Rfc1 Qe6 16. Nd2 f6 17. exf6 Rxf6 18. c4 dxc4 19.
Nxc4 Bxc4 20. Qxc4 Qd5 21. a4 a5 22. Rc2 Rg6 23. g3 Rd8 24. Rb1 Rgd6 25. h3
Bxd4 26. Bxd4 Qxc4 27. Rxc4 Rxd4 28. Rxc6 Rd1+ 29. Rxd1 Rxd1+ 30. Kg2 Rd4 31.
Rxc7 h6 32. Ra7 Rxa4 33. g4 Ra1 34. h4 a4 35. h5 a3 36. Kf3 a2 37. Kf4 Kf8 38.
Kf5 Ke8 39. f3 Rf1 40. Rxa2 Rxf3+ 41. Kg6 Rf4 42. Ra8+ Ke7 43. Kxg7 Rxg4+ 44.
Kxh6 Kf7 45. Kh7 Rg7+ 46. Kh8 Rg5 47. h6 Rh5 48. h7 Rh4 49. Ra1 Rf4 50. Rg1 Kf8
51. Rg7 Rf3 52. Rb7 Rf4 53. Rb8+ Kf7 54. Rf8+ Kxf8 1/2-1/2

[Event "KP 2024/25,Jiskra N. Bydzov-SK Lipa B"]
[Site "?"]
[Date "2025.01.05"]
[Round "5.5"]
[White "Mrazek, Vladimir"]
[Black "Sucharda, David"]
[Result "0-1"]
[ECO "A40"]
[WhiteElo "1842"]
[BlackElo "2086"]
[Annotator "batka,PC"]
[PlyCount "74"]
[EventDate "2025.??.??"]
[TimeControl "240+2"]

{600MB, Fritz10.ctg} 1. d4 e6 2. c4 Bb4+ 3. Bd2 a5 4. Bxb4 axb4 5. Nf3 Nf6 6.
e3 b6 7. Bd3 Bb7 8. Nbd2 d5 9. O-O O-O 10. Qc2 c5 11. Rfe1 Nbd7 12. b3 Rc8 13.
Qb2 Qe7 14. Rac1 Rfd8 15. e4 dxc4 16. Bxc4 cxd4 17. Nxd4 Nc5 18. e5 Nd5 19. Nb5
Nf4 20. Nd6 Bxg2 21. Re3 Rc7 22. Rd1 Qh4 23. Rg3 h6 24. Re1 Bc6 25. Ree3 Rcd7
26. Nf3 Qh5 27. Nd4 Qd1+ 28. Bf1 Ba8 29. Ne2 Ng6 30. Qd4 Qxd4 31. Nxd4 Nxe5 32.
N4b5 Ng6 33. Rg4 Rxd6 34. Nxd6 Rxd6 35. Rxb4 e5 36. f3 Rf6 37. Kf2 e4 0-1

[Event "KP 2024/25,Jiskra N. Bydzov-SK Lipa B"]
[Site "?"]
[Date "2025.01.05"]
[Round "5.6"]
[White "Vitova, Anna"]
[Black "Bednar, Milos"]
[Result "0-1"]
[ECO "D02"]
[WhiteElo "1880"]
[BlackElo "1842"]
[Annotator "batka,PC"]
[PlyCount "75"]
[EventDate "2025.??.??"]
[TimeControl "240+2"]

{600MB, Fritz10.ctg} 1. d4 d5 2. Nf3 Nf6 3. g3 g6 4. Bg2 Bg7 5. O-O Nbd7 6. c4
e6 7. Qc2 O-O 8. Nbd2 b6 9. Re1 Bb7 10. b3 c5 11. Bb2 Rc8 12. Rac1 dxc4 13.
bxc4 cxd4 14. Nxd4 Bxg2 15. Kxg2 Nc5 16. N2f3 Qe7 17. Kg1 e5 18. Nb3 e4 19.
Nfd4 e3 20. f3 Na4 21. Ba1 Rfd8 22. Red1 Rd7 23. Na5 Nc5 24. Nac6 Qd6 25. Qc3
Rxc6 26. Nxc6 Qxc6 27. Qxe3 Qa4 28. Rxd7 Nfxd7 29. Bxg7 Kxg7 30. Qd2 h5 31. a3
Qxa3 32. Qd4+ Kh7 33. Ra1 Qb4 34. e4 a5 35. e5 Qb3 36. Re1 Qd3 37. Qf4 Kg7 38.
g4 0-1

[Event "KP 2024/25,Jiskra N. Bydzov-SK Lipa B"]
[Site "?"]
[Date "2025.01.05"]
[Round "5.7"]
[White "Vanek, Jiri"]
[Black "Barvinek, Milan"]
[Result "1/2-1/2"]
[ECO "C50"]
[WhiteElo "1802"]
[BlackElo "1864"]
[Annotator "batka,PC"]
[PlyCount "80"]
[EventDate "2025.??.??"]
[TimeControl "240+2"]

{600MB, Fritz10.ctg} 1. e4 e5 2. Nf3 Nc6 3. Bc4 Bc5 4. O-O Nf6 5. d3 d6 6. h3
Be6 7. Bb3 O-O 8. Bg5 Qe7 9. Nc3 Rad8 10. Nd5 Bxd5 11. Bxd5 Nd4 12. Nxd4 Bxd4
13. c3 Bc5 14. Bxb7 Rb8 15. Bd5 Rxb2 16. Bb3 d5 17. exd5 Qd6 18. Bc1 Rxb3 19.
axb3 Nxd5 20. Qc2 Rd8 21. Bb2 Qg6 22. Bc1 Rd6 23. Ra4 h5 24. b4 Bb6 25. c4 Nxb4
26. Rxb4 Rxd3 27. Rd1 Rd4 28. Qe2 Re4 29. Qf3 f5 30. Be3 c5 31. Ra4 f4 32. Bd2
Rd4 33. Ba5 Qc2 34. Rxd4 Qxa4 35. Rd7 Qxd7 36. Bxb6 axb6 37. Qxh5 e4 38. Qe5 e3
39. fxe3 fxe3 40. Qxe3 Qd1+ 1/2-1/2

[Event "KP 2024/25,Jiskra N. Bydzov-SK Lipa B"]
[Site "?"]
[Date "2025.01.05"]
[Round "5.8"]
[White "Vosmik, Matej"]
[Black "Vanicek, Lukas"]
[Result "1/2-1/2"]
[ECO "A06"]
[WhiteElo "1759"]
[BlackElo "1796"]
[Annotator "batka,PC"]
[PlyCount "52"]
[EventDate "2025.??.??"]
[TimeControl "240+2"]

{600MB, Fritz10.ctg} 1. b3 d5 2. Bb2 c5 3. e3 Nc6 4. Nf3 Bg4 5. Be2 Bxf3 6.
Bxf3 e5 7. O-O Nf6 8. d3 Qd7 9. Nd2 Be7 10. c4 d4 11. exd4 exd4 12. Ne4 O-O 13.
Ba3 Nxe4 14. Bxe4 a5 15. f4 f5 16. Bd5+ Kh8 17. Qf3 Ra7 18. Rae1 Bd6 19. Be6
Qc7 20. Bc1 Nd8 21. a4 Nxe6 22. Rxe6 Raa8 23. Rfe1 Rad8 24. g4 fxg4 25. Qxg4
Qf7 26. Rf1 Qf5 1/2-1/2

[Event "KP 2024/25,Lazne Belohrad-Panda RK B"]
[Site "?"]
[Date "2025.02.02"]
[Round "7.1"]
[White "Korinek, Pavel"]
[Black "Zelba, Lukas"]
[Result "0-1"]
[ECO "B15"]
[WhiteElo "2011"]
[BlackElo "2083"]
[Annotator "user"]
[PlyCount "66"]
[EventDate "2025.??.??"]
[TimeControl "40/5400+30:900+30"]

{587MB} 1. e4 c6 2. d4 d5 3. Nd2 dxe4 4. Nxe4 Nf6 5. Nxf6+ exf6 6. Bc4 b5 7.
Be2 Bd6 8. Bf3 O-O 9. Ne2 Re8 10. O-O Bf5 11. Ng3 Bg6 12. a4 b4 13. c4 bxc3 14.
bxc3 Qd7 15. Qb3 a5 16. Bd2 f5 17. Rfe1 Rc8 18. Rad1 Qc7 19. Nf1 Nd7 20. h3 f4
21. Be4 Bxe4 22. Rxe4 Nf6 23. Ree1 f3 24. g3 Qd7 25. c4 Qf5 26. Kh2 Qh5 27. Qd3
Rab8 28. Rb1 h6 29. Bc3 Re8 30. Rxb8 Rxb8 31. Nd2 Ng4+ 32. Kg1 Bxg3 33. Ne4
Qxh3 0-1

[Event "KP 2024/25,Lazne Belohrad-Panda RK B"]
[Site "?"]
[Date "2025.02.02"]
[Round "7.2"]
[White "Kroulik, Vaclav"]
[Black "Dupenopulos, Karel"]
[Result "1-0"]
[ECO "B11"]
[WhiteElo "1993"]
[BlackElo "1878"]
[Annotator "user"]
[PlyCount "73"]
[EventDate "2025.??.??"]
[TimeControl "40/5400+30:900+30"]

{587MB} 1. e4 c6 2. Nc3 d5 3. Nf3 dxe4 4. Nxe4 Bf5 5. Ng3 Bg6 6. h4 h6 7. Ne5
Qd6 8. d4 Nd7 9. Nxg6 Qxg6 10. Bd3 Qf6 11. Be3 e6 12. Qe2 Bd6 13. Nh5 Qe7 14.
Nxg7+ Kd8 15. Nh5 Ngf6 16. Nxf6 Nxf6 17. c4 Bb4+ 18. Bd2 Qd6 19. O-O-O Bxd2+
20. Rxd2 Kc7 21. Bc2 Rad8 22. Rhd1 Kc8 23. Qf3 Qe7 24. g3 Rd7 25. Qc3 Rg8 26.
d5 Rd6 27. dxe6 Rxd2 28. Qxd2 fxe6 29. Qxh6 Ng4 30. Qf4 Qf6 31. Qxf6 Nxf6 32.
Rd6 Ng4 33. Rxe6 Nxf2 34. Bf5 Kc7 35. Rg6 Re8 36. g4 Re1+ 37. Kd2 1-0

[Event "KP KHSS LB-RK"]
[Site "?"]
[Date "2025.02.02"]
[Round "7.3"]
[White "Marhold, Vojtech"]
[Black "Pavlicek, Miroslav"]
[Result "1/2-1/2"]
[ECO "B01"]
[WhiteElo "1828"]
[BlackElo "1974"]
[Annotator "user"]
[PlyCount "37"]
[EventDate "2025.??.??"]
[TimeControl "40/5400+30:900+30"]

{587MB} 1. e4 d5 2. exd5 Qxd5 3. Nc3 Qa5 4. Nf3 Bg4 5. Be2 Nf6 6. O-O e6 7. h3
Bxf3 8. Bxf3 c6 9. d4 Bd6 10. Re1 O-O 11. Ne4 Nxe4 12. Bxe4 Nd7 13. c3 Nf6 14.
Bc2 Rad8 15. Qf3 Bb8 16. Bf4 Bxf4 17. Qxf4 c5 18. dxc5 Qxc5 19. Rad1 1/2-1/2

[Event "KP 2024/25,Lazne Belohrad-Panda RK B"]
[Site "?"]
[Date "2025.02.02"]
[Round "7.4"]
[White "Novotny, Josef"]
[Black "Buchar, Petr"]
[Result "0-1"]
[ECO "A00"]
[WhiteElo "1939"]
[BlackElo "1929"]
[Annotator "user"]
[PlyCount "64"]
[EventDate "2025.??.??"]
[TimeControl "40/5400+30:900+30"]

{587MB} 1. e3 f5 2. d3 Nf6 3. Nf3 e6 4. b3 d5 5. Bb2 Bd6 6. Nbd2 O-O 7. Be2
Nbd7 8. d4 Ne4 9. Bd3 Ndf6 10. Qe2 Nxd2 11. Nxd2 Ne4 12. Bxe4 fxe4 13. O-O-O
Qe7 14. f3 exf3 15. Nxf3 a5 16. c3 Bd7 17. c4 c6 18. Rhe1 Be8 19. c5 Bc7 20.
Rd3 Bg6 21. Rc3 e5 22. h3 Rae8 23. Nxe5 Bxe5 24. dxe5 Qxe5 25. Kd2 Rf7 26. Ba1
Ref8 27. Qg4 Rf2+ 28. Kc1 Qe4 29. Qxe4 Bxe4 30. Kd1 Rxa2 31. Rc1 Rff2 32. Bc3
Bxg2 0-1

[Event "KP 2024/25,Lazne Belohrad-Panda RK B"]
[Site "?"]
[Date "2025.02.02"]
[Round "7.5"]
[White "Groh, Ladislav"]
[Black "Daniel, Jiri"]
[Result "0-1"]
[ECO "E14"]
[WhiteElo "1819"]
[BlackElo "1944"]
[Annotator "user"]
[PlyCount "78"]
[EventDate "2025.??.??"]
[TimeControl "40/5400+30:900+30"]

{587MB} 1. Nf3 Nf6 2. e3 b6 3. d4 Bb7 4. c4 e6 5. Bd3 d6 6. Nbd2 Nbd7 7. O-O g5
8. Nxg5 h6 9. Ngf3 Rg8 10. e4 Nh5 11. Nb3 Qf6 12. Re1 O-O-O 13. Qc2 Qxf3 14. g3
Nf4 15. Bxf4 Qxf4 16. Bf1 Nf6 17. Bg2 Qg5 18. Rac1 Nd7 19. a4 a5 20. Nd2 c5 21.
Nf3 Qe7 22. d5 e5 23. Nh4 Kc7 24. Nf5 Qf6 25. Qe2 Nb8 26. Rc3 Bc8 27. Ne3 Na6
28. b3 Qg5 29. Nf1 Nb4 30. Ra1 Bg7 31. h3 f5 32. f3 fxe4 33. fxe4 Rdf8 34. Rf3
Rxf3 35. Qxf3 Rf8 36. Qe2 h5 37. Kh2 Bd7 38. Kg1 Be8 39. Kh2 h4 0-1

[Event "KP 2024/25,Lazne Belohrad-Panda RK B"]
[Site "?"]
[Date "2025.02.02"]
[Round "7.6"]
[White "Dvorak, Milan"]
[Black "Kykal, Zbynek"]
[Result "1-0"]
[ECO "B12"]
[WhiteElo "1871"]
[BlackElo "1821"]
[Annotator "user"]
[PlyCount "59"]
[EventDate "2025.??.??"]
[TimeControl "40/5400+30:900+30"]

{587MB} 1. e4 c6 2. d4 d5 3. e5 Bf5 4. Ne2 e6 5. Ng3 Bg6 6. h4 h6 7. h5 Bh7 8.
Bd3 Bxd3 9. cxd3 Qb6 10. Be3 Qxb2 11. Nd2 Bb4 12. O-O Bxd2 13. Rb1 Qa3 14. Bxd2
Qxd3 15. Qg4 Rh7 16. Bb4 b5 17. Rfd1 Qc4 18. Nf5 Kd7 19. Nd6 Qxa2 20. Nxf7 Qc2
21. Nd6 g5 22. Qf3 Na6 23. Be1 Nc7 24. Rdc1 Qa4 25. Qd3 Rg7 26. Ra1 Qxa1 27.
Rxa1 Ne7 28. Bb4 Nc8 29. Nxc8 Kxc8 30. Qc2 1-0

[Event "KP 2024/25,Lazne Belohrad-Panda RK B"]
[Site "?"]
[Date "2025.02.02"]
[Round "7.7"]
[White "Jezek, Milan"]
[Black "Cermak, Miroslav"]
[Result "0-1"]
[ECO "A10"]
[WhiteElo "1815"]
[BlackElo "1886"]
[Annotator "user"]
[PlyCount "94"]
[EventDate "2025.??.??"]
[TimeControl "40/5400+30:900+30"]

{587MB} 1. c4 b6 2. Nc3 e6 3. d3 Bb7 4. e4 Be7 5. g3 d6 6. Bg2 Nd7 7. Nge2 a6
8. O-O g5 9. f4 g4 10. f5 e5 11. Be3 Bg5 12. Qd2 Bxe3+ 13. Qxe3 h5 14. d4 f6
15. b3 Nh6 16. Rae1 Qe7 17. Nd5 Bxd5 18. cxd5 Nf7 19. Rc1 Rc8 20. b4 Ng5 21.
Rc2 h4 22. Rfc1 Kd8 23. gxh4 Rxh4 24. Qg3 Qh7 25. Rc3 Qh5 26. a3 Ke7 27. dxe5
fxe5 28. Rxc7 Rxc7 29. Rxc7 Kd8 30. Qc3 Rxh2 31. Qc6 Rxg2+ 32. Kxg2 Qh3+ 33.
Kg1 Qe3+ 34. Kf1 Qh3+ 35. Ke1 Qh1+ 36. Kd2 Nxe4+ 37. Kc2 Nef6 38. Rc8+ Ke7 39.
Nc3 g3 40. Qc7 Qh3 41. Rd8 Qxf5+ 42. Kb3 g2 43. Rc8 g1=Q 44. Qd8+ Kf7 45. Rc6
Qg2 46. Qc7 Qgc2+ 47. Kc4 b5# 0-1